 Dungeon Crawl Stone Soup version 0.30-a0-373-gd37427bb62 (webtiles) character file.

Game seed: 1209037004830182303

10 mopl the Chopper (level 2, 0/26 HPs)
             Began as a Hill Orc Fighter on Nov 24, 2022.
             Slain by a kobold
             ... wielding a +0 whip
              (1 damage)
             ... on level 1 of the Dungeon.
             The game lasted 00:00:13 (73 turns).

mopl the Chopper (Hill Orc Fighter)                   Turns: 73, Time: 00:00:14

Health: 0/26       AC:  6    Str: 18    XL:     2   Next: 20%
Magic:  2/2        EV:  9    Int:  8    God:
Gold:   12         SH:  4    Dex: 10    Spells: 1/1 levels left

rFire   . . .      SeeInvis .    a - +0 war axe
rCold   . . .      Faith    .    c - +0 buckler
rNeg    . . .      Spirit   .    b - +0 scale mail
rPois   .          Reflect  .    (no helmet)
rElec   .          Harm     .    (no cloak)
rCorr   .          Rampage  .    (no gloves)
Will    .....                    (no boots)
Stlth   ..........               (no amulet)
HPRegen 0.24/turn                (no ring)
MPRegen 0.08/turn                (no ring)

@: no status effects
A: no striking features
a: no special abilities


You were on level 1 of the Dungeon.
You visited 1 branch of the dungeon, and saw 1 of its levels.

You collected 12 gold pieces.

Inventory:

Hand Weapons
 a - a +0 war axe (weapon)
Armour
 b - a +0 scale mail (worn)
 c - a +0 buckler (worn)
Potions
 d - a potion of might


   Skills:
 - Level 3.6 Fighting
 + Level 3.8 Axes
 - Level 3.2 Armour
 - Level 3.2 Shields


You had one spell level left.
You didn't know any spells.
Your spell library was empty.

Dungeon Overview and Level Annotations

Branches:
Dungeon (1/15)

Altars:


Message History

You kill the dart slug!
You barely miss the kobold. You hit the dart slug.
You block the kobold's attack.
The kobold throws a stone.
You block the stone. The dart slug barely misses you.
You have reached level 2!
You hit the dart slug.
The dart slug is almost dead.
You closely miss the kobold. The kobold hits you with a +0 whip.
The dart slug briefly extends its eye-stalks.
The dart slug bites you.
You are too injured to fight recklessly!
Unknown command.
You are too injured to fight recklessly!
Unknown command.
You hit the dart slug.
The dart slug is almost dead.
You barely miss the kobold. The kobold hits you with a +0 whip.
The kobold closely misses you. The dart slug bites you.
You hit the dart slug.
You kill the dart slug!
You miss the kobold.
The kobold throws a stone.
The stone hits you but does no damage. You block the kobold's attack.
Unknown command.
The kobold hits you but does no damage.
You see here a +0 dagger.
You barely miss the kobold. x2; The kobold hits you but does no damage.
The kobold hits you with a +0 whip.
* * * LOW HITPOINT WARNING * * *
You barely miss the kobold. You closely miss the kobold.
The kobold hits you but does no damage. The kobold hits you with a +0 whip.
* * * LOW HITPOINT WARNING * * *
A goblin comes into view. It is wielding a +0 club.
The kobold hits you but does no damage. The kobold hits you with a +0 whip.
* * * LOW HITPOINT WARNING * * *
Unknown command.
You barely miss the kobold. You hit the kobold but do no damage.
The kobold closely misses you. The kobold barely misses you.
You closely miss the kobold. You barely miss the kobold.
The kobold hits you with a +0 whip.
You die...

......................♣......
....####.########.....♣♣.....
#.# #.......♣♣...♣ #.#
#.##.####♣♣♣♣♣ ..####.##
#..... .........#####...###
.##..##.........g... ##
###........... #.)@........
#.....KK†....[#
####..........# #..........?
##.....####. .......
....$.>.. ...........


You could see a goblin and 2 kobolds.

Vanquished Creatures
  2 dart slugs (D:1)
  A hobgoblin (D:1)
  2 kobolds (D:1)
  A ball python (D:1)
  A rat (D:1)
7 creatures vanquished.

Notes
Turn   | Place    | Note
-------+----------+-------------------------------------------
     0 | D:1      | mopl the Hill Orc Fighter began the quest for the Orb.
     0 | D:1      | Reached XP level 1. HP: 19/19 MP: 1/1
    59 | D:1      | Reached skill level 3 in Axes
    66 | D:1      | Reached XP level 2. HP: 17/26 MP: 2/2
    71 | D:1      | HP: 1/26 [kobold/+0 whip (2)]
    73 | D:1      | Slain by a kobold

Illustrated notes

Levels and vault maps discovered:
D:1:      amcnicky_arrival_underground_garden, layout_rooms,
          minmay_tiny_reverse_x

Skill      XL: |  1 |
---------------+----+-----
Axes           | 3 |  3.8
Fighting       | |  3.6
Armour         | |  3.2
Shields        | |  3.2

Action                   || total
-------------------------++-------
Melee: War axe           ||    14
Armor: Scale mail        ||    12
Dodge: Dodged            ||     9
Block: Buckler           ||     3

Table legend: (Time is in decaauts)
 A = Elapsed time spent in this place.
 B = Non-inter-level travel time spent in this place.
 C = Inter-level travel time spent in this place.
 D = Time resting spent in this place.
 E = Time spent auto-exploring this place.
 F = Levels seen in this place.
 G = Mean time per level.
                   A        B        C        D        E       F      G
               +--------+--------+--------+--------+--------+-----+--------+
         Total |     77 |     77 |      0 |      0 |     49 |   1 |   77.0 |
       Dungeon |     77 |     77 |      0 |      0 |     49 |   1 |   77.0 |
               +--------+--------+--------+--------+--------+-----+--------+

Top non-repeatable levels by time:
     D:1: 77 daAuts
